[Event "Team 45 45 League T61"]
[Site "Internet Chess Club"]
[Date "2014.06.09"]
[Round "2"]
[White "KingOfClubs"]
[Black "werty"]
[Result "1/2-1/2"]
[WhiteElo "1417"]
[BlackElo "1532"]
[Opening "French: Rubinstein variation"]
[ECO "C10"]
[Time "14:33:40"]
[TimeControl "2700+45"]

1. e4 e6 2. d4 d5 3. Nc3 dxe4 4. Nxe4 Nd7 5. Bb5 c6 6. Ba4 b5 7. Bb3 Ngf6 8. Ng3
Bb7 9. Nf3 a5 10. c3 Nd5 11. O-O c5 12. Re1 c4 13. Bc2 N7f6 14. Ne5 Bd6 15. Nf5
Bf8 16. Ng4 Qc7 17. Nxf6+ Nxf6 18. Ng3 O-O-O 19. Be4 h6 20. Bxb7+ Kxb7 21. Qf3+
Qc6 22. Qxc6+ Kxc6 23. Ne4 Nxe4 24. Rxe4 {Game drawn by mutual agreement}
1/2-1/2

[Event "Team 45 45 League T61"]
[Site "Internet Chess Club"]
[Date "2014.06.09"]
[Round "2"]
[White "parrot9"]
[Black "QuieroAprender"]
[Result "0-1"]
[WhiteElo "1673"]
[BlackElo "1719"]
[Opening "Scotch opening"]
[ECO "C44"]
[Time "14:19:41"]
[TimeControl "2700+45"]

1. e4 e5 2. Nf3 Nc6 3. d4 Bb4+ 4. c3 Bd6 5. Bc4 Nf6 6. Bg5 h6 7. Bh4 g5 8. Bxg5
hxg5 9. Nxg5 Rf8 10. f4 exf4 11. e5 Qe7 12. O-O Nxe5 13. dxe5 Bxe5 14. Nd2 d5
15. Qa4+ Bd7 16. Bb5 Qc5+ 17. Kh1 Bxb5 18. Qc2 Bxf1 19. Rxf1 O-O-O {White
resigns} 0-1

[Event "Team 45 45 League T61"]
[Site "Internet Chess Club"]
[Date "2014.06.08"]
[Round "2"]
[White "drsigmund1"]
[Black "BrerRabbit"]
[Result "0-1"]
[WhiteElo "1548"]
[BlackElo "1514"]
[Opening "Old Indian: Tartakower (Wade) variation"]
[ECO "A41"]
[Time "19:00:28"]
[TimeControl "2700+45"]

1. d4 d6 2. Nf3 Bg4 3. Nbd2 Nd7 4. e3 Ngf6 5. Bd3 e6 6. c4 Be7 7. Qc2 O-O 8. h3
Bh5 9. g4 Bg6 10. Bxg6 hxg6 11. e4 e5 12. d5 Rc8 13. Qd1 Nc5 14. Qe2 c6 15. Ng5
cxd5 16. exd5 Nh7 17. Nxh7 Kxh7 18. Ne4 Nxe4 19. Qxe4 Bg5 20. Be3 a6 21. h4 Bxe3
22. fxe3 f5 23. Qd3 fxg4 24. h5 Qg5 25. hxg6+ Kg8 26. O-O-O Rf3 27. Rde1 Rcf8
28. Kd2 R8f6 29. c5 Qxg6 30. Qb3 Rf7 31. c6 b5 32. a4 g3 33. axb5 axb5 34. Qxb5
Rf2+ 35. Kc1 Qc2# {White checkmated} 0-1

[Event "Team 45 45 League T61"]
[Site "Internet Chess Club"]
[Date "2014.06.08"]
[Round "2"]
[White "Leon13"]
[Black "otib2014"]
[Result "1-0"]
[WhiteElo "1456"]
[BlackElo "1293"]
[Opening "Sicilian: closed"]
[ECO "B23"]
[Time "17:00:18"]
[TimeControl "2700+45"]

1. e4 c5 2. Nc3 e6 3. f4 Nf6 4. e5 Nd5 5. Nxd5 exd5 6. d3 Be7 7. Nf3 O-O 8. Be2
c4 9. dxc4 dxc4 10. Bxc4 b5 11. Bd3 Bc5 12. Ng5 g6 13. Ne4 Qb6 14. Nxc5 Qxc5 15.
Bd2 Nc6 16. Rb1 Bb7 17. b4 Qd4 18. Qe2 a6 19. c3 Qd5 20. Be4 Qxa2 21. O-O Qe6
22. Qd3 Rab8 23. Be3 Qe7 24. Bc5 Nxe5 25. fxe5 Qxe5 26. Bxb7 Rxb7 27. Bxf8 Kxf8
28. Qf3 f5 29. Qxb7 Qxc3 30. Qxd7 Qe3+ 31. Kh1 Qe4 32. Rfe1 Qa8 33. Re7 a5 34.
Rf7+ Kg8 35. Rg7+ Kf8 36. Qf7# {Black checkmated} 1-0

[Event "Team 45 45 League T61"]
[Site "Internet Chess Club"]
[Date "2014.06.05"]
[Round "2"]
[White "Bryant-L"]
[Black "SirIvanhoe"]
[Result "0-1"]
[WhiteElo "1663"]
[BlackElo "1656"]
[Opening "Caro-Kann: classical, 6.h4"]
[ECO "B18"]
[Time "18:00:27"]
[TimeControl "2700+45"]

1. e4 c6 2. d4 d5 3. Nc3 dxe4 4. Nxe4 Bf5 5. Ng3 Bg6 6. h4 h6 7. h5 Bh7 8. Bf4
e6 9. Nf3 Nd7 10. Bd3 Bxd3 11. Qxd3 Qa5+ 12. c3 Ngf6 13. Ne5 Nd5 14. Ne2 Nxf4
15. Nxf4 Nxe5 16. d5 {White resigns} 0-1

[Event "Team 45 45 League T61"]
[Site "Internet Chess Club"]
[Date "2014.06.05"]
[Round "2"]
[White "CaptK"]
[Black "Berke"]
[Result "1-0"]
[WhiteElo "1635"]
[BlackElo "1573"]
[Opening "QGD"]
[ECO "D02"]
[Time "14:00:27"]
[TimeControl "2700+45"]

1. d4 d5 2. Nf3 Nf6 3. c4 e6 4. Bg5 Nbd7 5. Nc3 Be7 6. e3 c6 7. Bd3 dxc4 8. Bxc4
Qa5 9. O-O h6 10. Bf4 O-O 11. e4 Re8 12. Qe2 b5 13. Bd3 b4 14. Nd1 Nf8 15. Ne3
Bb7 16. Ne5 c5 17. N3c4 Qd8 18. dxc5 Bxc5 19. Bc2 Ng6 20. Nxg6 fxg6 21. Rfd1 Qe7
22. e5 Nd5 23. Bg3 Qg5 24. Qd2 Qxd2 25. Rxd2 g5 26. Na5 Ba6 27. Bg6 Red8 28.
Rad1 Bb6 29. Nc6 Rdc8 30. Rxd5 Rxc6 31. Rd6 Rac8 32. h3 Bc4 33. Rxc6 Rxc6 34. b3
Bd5 35. h4 gxh4 36. Bxh4 Kf8 37. Kf1 Rc2 38. Bxc2 Bxg2+ 39. Kxg2 Bxf2 40. Kxf2
{Black resigns} 1-0

[Event "Team 45 45 League T61"]
[Site "Internet Chess Club"]
[Date "2014.06.07"]
[Round "2"]
[White "tamky70"]
[Black "QuimCatala"]
[Result "1-0"]
[WhiteElo "1372"]
[BlackElo "1426"]
[Opening "QGD: Chigorin defense"]
[ECO "D07"]
[Time "10:00:29"]
[TimeControl "2700+45"]

1. d4 d5 2. c4 Nc6 3. Nf3 Nf6 4. Nc3 e6 5. e3 Be7 6. Be2 Bd7 7. Ne5 Bb4 8. a3
Bxc3+ 9. bxc3 Ne4 10. Qc2 Nxe5 11. dxe5 O-O 12. O-O Bc6 13. Bf3 Qd7 14. Bxe4
dxe4 15. Rd1 Qe7 16. a4 Qc5 17. Ba3 Qxe5 18. Bxf8 Rxf8 19. Rd4 f5 20. Rad1 h5
21. Rd8 h4 22. Rxf8+ Kxf8 23. Qd2 Bxa4 24. Qd4 Qa5 25. Re1 c5 26. Qd2 g5 27. h3
Qc7 28. Ra1 b5 29. cxb5 Bxb5 30. Rd1 Bd3 31. Qb2 g4 32. hxg4 fxg4 33. Rd2 h3 34.
g3 h2+ 35. Kh1 Qh7 36. Qb8+ Kg7 37. Qe5+ Kf7 38. Qc7+ Kg6 39. Qxh7+ Kxh7 40.
Kxh2 c4 41. Ra2 Kg6 42. Rxa7 Kf6 43. Kg1 Be2 44. Ra5 e5 45. Ra6+ Kf5 46. Kg2
Bf3+ 47. Kf1 Bd1 48. Ke1 Bb3 49. Kd2 Kg5 50. Kc1 Kf5 51. Kb2 Bd1 52. Ka3 Bc2 53.
Kb4 Bd3 54. Kc5 Be2 55. Kd5 Bd1 56. Re6 Ba4 57. Rxe5+ Kf6 58. Kxe4 Bc2+ 59. Kd4
Bd3 60. e4 Be2 61. Rc5 Ke6 62. e5 Bd3 63. Rc6+ Kd7 64. Kc5 Be4 65. Rd6+ Kc7 66.
Kxc4 Bf5 67. Kc5 Bc8 68. e6 {Black resigns} 1-0

[Event "Team 45 45 League T61"]
[Site "Internet Chess Club"]
[Date "2014.06.06"]
[Round "2"]
[White "semperfi"]
[Black "Tribe97"]
[Result "0-1"]
[WhiteElo "1365"]
[BlackElo "1367"]
[Opening "Queen's pawn game"]
[ECO "D04"]
[Time "20:00:10"]
[TimeControl "2700+45"]

1. d4 d5 2. Nf3 Nf6 3. e3 Nbd7 4. Bd3 g6 5. O-O Bg7 6. c4 c5 7. Nc3 cxd4 8. Nxd4
e5 9. Ndb5 Nc5 10. Be2 a6 11. Na3 d4 12. Na4 Qa5 13. Nxc5 Qxc5 14. b3 O-O 15.
Bf3 Rd8 16. Qd3 Bf5 17. e4 Bg4 18. Bxg4 Nxg4 19. h3 Nf6 20. Nc2 Rac8 21. a4 a5
22. Ba3 Qc7 23. Ne1 Bf8 24. Bc1 Qc6 25. Bg5 Re8 26. f3 Bb4 27. Nc2 Bc3 28. Rab1
Nd7 29. f4 Nc5 30. Qf3 Qxe4 31. Qxe4 Nxe4 32. Bh6 Nd2 33. fxe5 Nxb1 34. Rxb1
Rxe5 35. Rd1 Rd8 36. Na3 Re1+ 37. Rxe1 Bxe1 38. Nb5 d3 39. Nc7 d2 {White
resigns} 0-1

[Event "Team 45 45 League T61"]
[Site "Internet Chess Club"]
[Date "2014.06.07"]
[Round "2"]
[White "alexine"]
[Black "blerkoid"]
[Result "0-1"]
[WhiteElo "1588"]
[BlackElo "1610"]
[Opening "Queen's pawn: Torre attack"]
[ECO "A46"]
[Time "15:09:33"]
[TimeControl "2700+45"]

1. d4 Nf6 2. Nf3 e6 3. Bg5 Be7 4. Nbd2 d5 5. e3 O-O 6. Bd3 b6 7. c3 Ba6 8. c4
dxc4 9. Nxc4 Bb4+ 10. Nfd2 Qd5 11. Bxf6 Bxc4 12. Bxc4 Qxc4 13. Rc1 Qd5 14. Bxg7
Kxg7 15. O-O Bxd2 16. Qxd2 c6 17. b3 Nd7 18. f3 Qd6 19. e4 c5 20. d5 exd5 21.
Qg5+ Kh8 22. Rfd1 d4 23. Qh5 Qg6 24. Qd5 Rg8 25. g4 Nf6 26. e5 {White resigns}
0-1

[Event "Team 45 45 League T61"]
[Site "Internet Chess Club"]
[Date "2014.06.10"]
[Round "2"]
[White "Bible-Believer"]
[Black "Chess4Him"]
[Result "0-1"]
[WhiteElo "1554"]
[BlackElo "1530"]
[Opening "Robatsch (modern) defense"]
[ECO "B06"]
[Time "14:00:15"]
[TimeControl "2700+45"]

1. e4 g6 2. d4 Bg7 3. Nc3 d6 4. Be3 a6 5. Qd2 h6 6. Bd3 b5 7. e5 Bb7 8. Nf3 e6
9. O-O Ne7 10. Rfe1 Nd7 11. exd6 cxd6 12. Ne4 Nb6 13. Bf4 Nf5 14. g4 Bxe4 15.
Bxe4 d5 16. Bxf5 gxf5 17. gxf5 Nc4 18. Qb4 Qf6 19. Qc5 Qxf5 20. Qc6+ Ke7 21.
Qc7+ Ke8 22. Ne5 Nxe5 23. Bxe5 Bxe5 24. Rxe5 Rg8+ 25. Kh1 Qf3# {White
checkmated} 0-1

[Event "Team 45 45 League T61"]
[Site "Internet Chess Club"]
[Date "2014.06.09"]
[Round "2"]
[White "jjaillet2007"]
[Black "BotanicalKnight"]
[Result "1/2-1/2"]
[WhiteElo "1317"]
[BlackElo "1506"]
[Opening "Dutch with c4 & Nc3"]
[ECO "A85"]
[Time "20:00:24"]
[TimeControl "2700+45"]

1. d4 f5 2. c4 Nf6 3. Nc3 e6 4. Bg5 Be7 5. Nf3 d5 6. cxd5 exd5 7. e3 O-O 8. Bd3
c6 9. O-O Ne4 10. Bxe7 Qxe7 11. Rc1 Nd7 12. Bb1 g5 13. h3 Qg7 14. Nd2 Ndf6 15.
Ncxe4 fxe4 {Game drawn by mutual agreement} 1/2-1/2

[Event "Team 45 45 League T61"]
[Site "Internet Chess Club"]
[Date "2014.06.08"]
[Round "2"]
[White "kingsrook"]
[Black "stantheman59"]
[Result "1-0"]
[WhiteElo "1355"]
[BlackElo "1242"]
[Opening "QGA: 3.Nf3"]
[ECO "D21"]
[Time "16:00:22"]
[TimeControl "2700+45"]

1. d4 d5 2. c4 dxc4 3. Nf3 e6 4. e3 b5 5. a4 Bd7 6. b3 Nf6 7. axb5 Bxb5 8. bxc4
Ba6 9. Nc3 Be7 10. Bd3 O-O 11. O-O Bb4 12. Qc2 c5 13. Bd2 Bb7 14. dxc5 Bxf3 15.
gxf3 Bxc5 16. Ne4 Nxe4 17. Bxe4 f5 18. Bxa8 Nd7 19. Bb7 Rf6 20. Kh1 Ne5 21. Rg1
Nxf3 22. Bxf3 f4 23. Bc3 fxe3 24. Bxf6 Qxf6 25. Rg3 Qxa1+ 26. Rg1 exf2 27. Rxa1
{Black resigns} 1-0

[Event "Team 45 45 League T61"]
[Site "Internet Chess Club"]
[Date "2014.06.05"]
[Round "2"]
[White "SATELLITE-DAN"]
[Black "BrianWood"]
[Result "1/2-1/2"]
[WhiteElo "1577"]
[BlackElo "1482"]
[Opening "French: exchange variation"]
[ECO "C01"]
[Time "22:30:22"]
[TimeControl "2700+45"]

1. e4 e6 2. d4 d5 3. exd5 exd5 4. Bd3 Nf6 5. Nf3 c5 6. c3 Nc6 7. O-O Be7 8. dxc5
Bxc5 9. Re1+ Be7 10. Ng5 O-O 11. Nd2 h6 12. Ngf3 Qb6 13. Nf1 Bg4 14. h3 Bxf3 15.
Qxf3 Bd6 16. Bxh6 Ne5 17. Rxe5 Bxe5 18. Be3 Qd6 19. b4 d4 20. cxd4 Bxd4 21. Bxd4
Qxd4 22. Rb1 b6 23. a3 Rad8 24. Bc2 Qd5 25. Bb3 {Game drawn by mutual agreement}
1/2-1/2

[Event "Team 45 45 League T61"]
[Site "Internet Chess Club"]
[Date "2014.06.06"]
[Round "2"]
[White "chessman64"]
[Black "Tjet"]
[Result "1/2-1/2"]
[WhiteElo "1372"]
[BlackElo "1443"]
[Opening "Queen's Pawn"]
[ECO "B07"]
[Time "15:00:34"]
[TimeControl "2700+45"]

1. d4 d6 2. e4 e5 3. dxe5 dxe5 4. Qxd8+ Kxd8 5. Bc4 f6 6. Ne2 c6 7. Ng3 Kc7 8.
O-O Ne7 9. a4 h5 10. b3 h4 11. Ne2 g5 12. Ba3 Ng6 13. Bxf8 Rxf8 14. Nbc3 Nd7 15.
b4 a5 16. b5 Nc5 17. bxc6 bxc6 18. Rab1 Ba6 19. Bxa6 Rxa6 20. Rfd1 Rb6 21. Rxb6
Kxb6 22. Rd6 Kc7 23. Rd1 Rb8 24. f3 Rb4 {Game drawn by mutual agreement} 1/2-1/2

[Event "Team 45 45 League T61"]
[Site "Internet Chess Club"]
[Date "2014.06.08"]
[Round "2"]
[White "dabodhi"]
[Black "TimeCo"]
[Result "1-0"]
[WhiteElo "1367"]
[BlackElo "1356"]
[Opening "Pirc: bayonet (Mariotti) attack"]
[ECO "B07"]
[Time "14:05:00"]
[TimeControl "2700+45"]

1. e4 d6 2. d4 Nf6 3. Nc3 g6 4. Be2 Bg7 5. h4 O-O 6. h5 Nbd7 7. hxg6 fxg6 8. Nh3
e5 9. Ng5 Qe7 10. Bc4+ Kh8 11. Nd5 Nxd5 12. Rxh7+ Kg8 13. Bxd5+ {Black resigns}
1-0

[Event "Team 45 45 League T61"]
[Site "Internet Chess Club"]
[Date "2014.06.06"]
[Round "2"]
[White "rkaebi"]
[Black "KingOfClubs"]
[Result "0-1"]
[WhiteElo "1414"]
[BlackElo "1417"]
[Opening "Sicilian defense"]
[ECO "B30"]
[Time "13:00:29"]
[TimeControl "2700+45"]

1. e4 c5 2. Nf3 Nc6 3. g3 d6 4. Bg2 Nf6 5. d3 Bg4 6. O-O e5 7. Nbd2 Be7 8. c3
O-O 9. Qb3 Qd7 10. Nc4 Bh3 11. Bxh3 Qxh3 12. Qxb7 Qc8 13. Qb3 Rb8 14. Qc2 Ng4
15. Ne3 Nxe3 16. Bxe3 Qg4 17. Kg2 f5 18. h3 Qg6 19. exf5 Qxf5 20. Nh2 d5 21. Qa4
Qg6 22. d4 exd4 23. cxd4 cxd4 24. Bc1 Qe4+ 25. Kg1 Nb4 26. Bf4 Rbc8 27. Rfe1 Qc2
28. Qxa7 Bc5 29. Qd7 Nd3 30. Qe6+ Kh8 31. Re2 Nxf4 32. gxf4 Qg6+ 33. Qxg6 hxg6
34. Rc1 d3 35. Rd2 Bxf2+ 36. Rxf2 Rxc1+ 37. Kg2 Rc2 38. Nf1 Rxf2+ 39. Kxf2 Rxf4+
40. Ke1 Rf3 41. a4 Rf6 42. b4 Rf4 {White resigns} 0-1

[Event "Team 45 45 League T61"]
[Site "Internet Chess Club"]
[Date "2014.06.08"]
[Round "2"]
[White "smsxman"]
[Black "Toalla"]
[Result "0-1"]
[WhiteElo "1418"]
[BlackElo "1325"]
[Opening "Sicilian defense"]
[ECO "B40"]
[Time "21:00:34"]
[TimeControl "2700+45"]

1. e4 c5 2. Nf3 e6 3. Nc3 d5 4. exd5 exd5 5. d4 c4 6. Be2 Nf6 7. Bg5 Bb4 8. Bd2
Be6 9. a3 Be7 10. O-O O-O 11. Re1 Nc6 12. Ne5 Nxd4 13. Bf4 Nxe2+ 14. Qxe2 Re8
15. Red1 Rc8 16. Na2 Bd6 17. Bg3 Bg4 18. f3 Qb6+ 19. Kh1 Bxe5 20. Bxe5 Bf5 21.
Re1 Nd7 22. f4 f6 23. Qd2 fxe5 24. fxe5 Qe6 25. Nb4 Nb6 26. c3 Be4 27. a4 a5 28.
Nc2 Qxe5 29. Qf2 Nd7 30. Ne3 Nf6 31. Rad1 Qc7 32. Qh4 Qf7 33. Kg1 Nd7 34. Rf1
Qe6 35. Rde1 Ne5 36. Qg5 Qg6 37. Qxg6 Nxg6 38. g3 Ne5 39. Rf4 Nf3+ 40. Rxf3 Bxf3
41. Kf2 Be4 42. Re2 Rf8+ 43. Kg1 Rf3 44. Nd1 Rcf8 45. Nf2 Re8 46. Kg2 Re3+ 47.
Kf1 Rxe2 48. Kxe2 Bd3+ 49. Kf3 g6 {White resigns} 0-1

[Event "Team 45 45 League T61"]
[Site "Internet Chess Club"]
[Date "2014.06.07"]
[Round "2"]
[White "Leon13"]
[Black "Conjurer"]
[Result "1-0"]
[WhiteElo "1451"]
[BlackElo "1152"]
[Opening "Sicilian: closed, 2...Nc6"]
[ECO "B23"]
[Time "14:00:23"]
[TimeControl "2700+45"]

1. e4 c5 2. Nc3 Nc6 3. Bb5 e6 4. Bxc6 bxc6 5. f4 d5 6. e5 Ne7 7. d3 Ng6 8. Nge2
f5 9. O-O Be7 10. Qe1 O-O 11. Na4 Ba6 12. Kh1 Rb8 13. b3 d4 14. Ba3 Qd5 15. Qa5
Bb5 16. c4 dxc3 17. Nexc3 Qxd3 18. Nxb5 Qxb5 19. Qxa7 Rb7 20. Nc3 Rxa7 21. Nxb5
cxb5 22. Bb2 Rfa8 23. a3 Bd8 24. g3 Bb6 25. Rfd1 Ne7 26. Rd6 Nd5 27. Rxe6 Re7
28. Rd6 Bc7 29. Rxd5 c4 30. bxc4 bxc4 31. Rc5 Ra4 32. Rc1 Bb6 33. R5xc4 Rxc4 34.
Rxc4 Rc7 35. Rb4 Ba5 36. Rb8+ Kf7 37. Rb5 Bd2 38. a4 Ra7 39. Bd4 Rxa4 40. Rb7+
Ke6 41. Rb6+ Kd5 42. Bf2 Re4 43. Rd6+ {Black resigns} 1-0

[Event "Team 45 45 League T61"]
[Site "Internet Chess Club"]
[Date "2014.06.06"]
[Round "2"]
[White "jadelamere"]
[Black "Kandor"]
[Result "0-1"]
[WhiteElo "996"]
[BlackElo "1284"]
[Opening "Queen's pawn game, Chigorin variation"]
[ECO "A40"]
[Time "17:05:47"]
[TimeControl "2700+45"]

1. d4 Nc6 2. Nf3 d5 3. e3 f6 4. Bb5 Bd7 5. Nc3 e5 6. Bxc6 Bxc6 7. dxe5 Bb4 8.
O-O Bxc3 9. bxc3 fxe5 10. Nxe5 Qf6 11. Nxc6 Qxc6 12. Qh5+ Kf8 13. Ba3+ Ne7 14.
Qf3+ Ke8 15. Bxe7 Kxe7 16. Rfd1 Rad8 17. Rab1 Rhf8 18. Qh3 Qf6 19. Qf3 Qxf3 20.
gxf3 Rxf3 21. Rd3 b6 22. Rbd1 c6 23. Kg2 Rdf8 24. Rf1 a5 25. c4 dxc4 26. Rd4 b5
27. Re4+ Kd7 28. Rd4+ Kc7 29. h4 c5 30. Rg4 g6 31. Re4 R8f7 32. Re8 b4 33. Rh8
h5 34. Ra8 Kb6 35. Rd8 a4 36. Rd6+ Kc7 37. Rxg6 b3 38. axb3 cxb3 39. cxb3 axb3
40. Ra6 c4 41. Raa1 Kd6 42. Rad1+ Kc5 43. e4 b2 44. Rd5+ Kb4 45. Rd6 c3 46. Rb6+
Kc5 47. Rb3 Kc4 48. Rb8 Kd3 49. Rd8+ Kc2 50. Rdd1 Rxf2+ 51. Kg1 Rxf1+ 52. Rxf1
Rxf1+ 53. Kxf1 b1=Q+ 54. Kg2 Qe1 55. Kf3 Kd2 56. Kf4 c2 57. Kf5 Qxe4+ 58. Kxe4
c1=Q 59. Ke5 Qc4 60. Kf5 Qxh4 61. Kg6 Ke3 62. Kf7 Ke4 63. Kg6 Ke5 64. Kf7 Qf6+
65. Kg8 Qe7 66. Kh8 Kf6 67. Kg8 Qg7# {White checkmated} 0-1

[Event "Team 45 45 League T61"]
[Site "Internet Chess Club"]
[Date "2014.06.05"]
[Round "2"]
[White "fuzzface"]
[Black "Aquaman"]
[Result "1-0"]
[WhiteElo "1342"]
[BlackElo "1364"]
[Opening "Queen's pawn game"]
[ECO "A46"]
[Time "15:00:29"]
[TimeControl "2700+45"]

1. d4 Nf6 2. Nf3 d6 3. Bg5 Nbd7 4. c4 c6 5. e3 Qc7 6. Be2 e5 7. d5 Be7 8. Nc3
O-O 9. O-O Re8 10. e4 Nc5 11. Bxf6 Bxf6 12. Nd2 Nd7 13. Bg4 Nf8 14. Bxc8 Raxc8
15. b4 a6 16. a4 c5 17. Rb1 cxb4 18. Rxb4 Rb8 19. Qb3 Nd7 20. Rb1 Nc5 21. Qc2
Bd8 22. Nb3 Re7 23. a5 Qc8 24. Nxc5 Qxc5 25. Qa4 Bxa5 26. Rxb7 Rexb7 27. Rxb7
Qc8 28. Rxb8 Qxb8 29. Qxa5 g6 30. h3 Kg7 31. Qxa6 Qb4 32. Nb5 Qe1+ 33. Kh2 Qxf2
34. Qxd6 Qf4+ 35. Kg1 Qc1+ 36. Kf2 Qd2+ 37. Kf3 Qf4+ 38. Ke2 Qxe4+ 39. Kd1 Qd3+
40. Ke1 Qe4+ 41. Kd1 Qd3+ 42. Ke1 Qb1+ 43. Kd2 Qb2+ 44. Kd3 Qb1+ 45. Kc3 Qe1+
46. Kb3 Qb1+ 47. Ka4 Qc2+ 48. Ka5 Qd2+ 49. Kb6 Qe3+ 50. Qc5 Qg5 51. d6 Qd8+ 52.
Qc7 Qf6 53. Qe7 Qf2+ 54. Kc7 Qc5+ 55. Kd8 Qxc4 56. Qxe5+ Kh6 57. Nc7 Qh4+ 58.
Qe7 Qb4 59. Ke8 Qb8+ 60. Kxf7 Qb3+ 61. Qe6 Qd1 62. d7 {Black resigns} 1-0

[Event "Team 45 45 League T61"]
[Site "Internet Chess Club"]
[Date "2014.06.07"]
[Round "2"]
[White "semperfi"]
[Black "Tribe97"]
[Result "1-0"]
[WhiteElo "1381"]
[BlackElo "1351"]
[Opening "Queen's pawn game"]
[ECO "D04"]
[Time "14:00:13"]
[TimeControl "2700+45"]

1. d4 d5 2. Nf3 Nf6 3. e3 Nbd7 4. Bd3 g6 5. c4 dxc4 6. Bxc4 Bg7 7. Nc3 e6 8. O-O
O-O 9. Re1 c5 10. Qb3 Qb6 11. Qxb6 Nxb6 12. Bb3 cxd4 13. Nxd4 Bd7 14. Bd2 a6 15.
Rac1 Rac8 16. a4 e5 17. Nf3 e4 18. Ne5 Rc5 19. Nxd7 Nbxd7 20. Bc2 Re8 21. b4
Rcc8 22. a5 b6 23. axb6 Nxb6 24. Na4 Nc4 25. Bc3 Na3 26. Bb3 Nc4 27. Nc5 Nb6 28.
Nxa6 Nbd5 29. Bd2 Nb6 30. Nc5 Red8 31. Red1 Nbd5 32. Bxd5 Rxd5 33. g3 Bf8 34.
Bc3 Rxd1+ 35. Rxd1 Bxc5 36. bxc5 Kg7 37. Bd4 Rc6 38. Rb1 Kf8 39. Rb6 Rxb6 40.
cxb6 Nd7 41. b7 f6 42. Ba7 f5 43. b8=Q+ Nxb8 44. Bxb8 Kf7 45. Kg2 Ke6 46. Kh3
Kf7 47. Kh4 Ke6 48. Kg5 Kf7 49. h3 Kg7 50. g4 h6+ 51. Kf4 Kf6 52. Be5+ Ke6 53.
gxf5+ gxf5 54. Bg7 h5 55. Bh6 Kf6 56. Bg5+ Kg6 57. h4 Kf7 58. Kxf5 Kg7 59. Kxe4
Kg6 60. f4 {Black resigns} 1-0

[Event "Team 45 45 League T61"]
[Site "Internet Chess Club"]
[Date "2014.06.08"]
[Round "2"]
[White "wildangels"]
[Black "artspir"]
[Result "0-1"]
[WhiteElo "1066"]
[BlackElo "1309"]
[Opening "Benko's opening"]
[ECO "A00"]
[Time "10:00:33"]
[TimeControl "2700+45"]

1. g3 c6 2. Bg2 d5 3. Nf3 Bf5 4. d3 Nf6 5. Nbd2 Nbd7 6. O-O e6 7. Re1 Bd6 8. Ng5
O-O 9. e4 Bg4 10. Bf3 Ne5 11. h3 Bxf3 12. Ndxf3 Nxf3+ 13. Qxf3 e5 14. Qd1 d4 15.
Kg2 g6 16. Rh1 Nh5 17. Qg4 Nf6 18. Qe2 c5 19. Nf3 b5 20. Bg5 Be7 21. Nxe5 Rc8
22. Qf3 c4 23. Ng4 Nxg4 24. Qxg4 Bxg5 25. h4 Bh6 26. b3 cxd3 27. cxd3 Rc2 28. e5
Qd5+ 29. Qf3 Qxe5 30. Rae1 Be3 31. Rhf1 Rxa2 32. Kg1 Bxf2+ 33. Rxf2 Qxe1+ 34.
Rf1 Qe3+ 35. Qxe3 dxe3 36. Re1 Re8 37. d4 e2 38. d5 Rd8 39. Kf2 Rxd5 40. Rxe2
Rf5+ 41. Ke1 Ra1+ 42. Kd2 Rd5+ 43. Ke3 Re5+ 44. Kd3 Rxe2 45. Kxe2 a5 46. Kf3 Rb1
47. Kf4 Rxb3 48. g4 a4 49. Kg5 a3 50. Kh6 a2 51. h5 a1=Q 52. hxg6 Qg7+ 53. Kg5
Qxg6+ 54. Kh4 Rb4 55. Kg3 Qxg4+ 56. Kf2 Rb2+ 57. Ke3 Rb3+ 58. Kd2 Qf3 59. Kc2
Qc3+ 60. Kd1 Qd3+ 61. Kc1 Qc2+ 62. Kxc2 Rb4 63. Kc3 Rc4+ 64. Kb3 Re4 65. Kc3 f5
66. Kd3 b4 67. Kc2 f4 68. Kb2 f3 69. Kb3 f2 70. Ka4 f1=Q 71. Kb3 Qd3+ 72. Ka4
Qa3+ 73. Kb5 Re5+ 74. Kc4 Re4+ 75. Kb5 b3 76. Kc6 b2 77. Kd5 b1=Q 78. Kc6 Qc3+
79. Kd5 Qcd3+ 80. Kc5 Qbc2+ 81. Kb6 Qdb3+ 82. Ka6 Qca2# {White checkmated} 0-1

[Event "Team 45 45 League T61"]
[Site "Internet Chess Club"]
[Date "2014.06.09"]
[Round "2"]
[White "RobertBuice"]
[Black "jaybird44"]
[Result "0-1"]
[WhiteElo "1081"]
[BlackElo "1144"]
[Opening "QGD Slav: 4.Nc3"]
[ECO "D15"]
[Time "18:00:18"]
[TimeControl "2700+45"]

1. d4 d5 2. c4 c6 3. Nf3 Nf6 4. Nc3 Bg4 5. Bg5 dxc4 6. Qc2 Nbd7 7. e4 h6 8. Bxf6
Nxf6 9. O-O-O b5 10. a4 a6 11. h3 Bxf3 12. gxf3 e6 13. e5 Nd5 14. Rg1 g6 15. Ne4
Nb4 16. Qd2 Qa5 17. Nf6+ Ke7 18. Kb1 Qxa4 19. b3 Qxb3+ 20. Qb2 Qxd1+ 21. Qc1
Qxc1+ 22. Kxc1 Bg7 23. Ne4 Rhd8 24. Nd6 Bf8 25. Kb2 Kd7 26. Nxf7 Rdb8 27. Kc3
Nd5+ 28. Kb2 a5 29. Rxg6 a4 30. h4 a3+ 31. Kc2 a2 32. Bh3 Nf4 33. Bxe6+ Nxe6 34.
Ng5 a1=Q 35. Nxe6 Qa2+ 36. Kc3 {White resigns} 0-1

[Event "Team 45 45 League T61"]
[Site "Internet Chess Club"]
[Date "2014.06.04"]
[Round "2"]
[White "SeniorCitizen"]
[Black "KingOfClubs"]
[Result "0-1"]
[WhiteElo "1307"]
[BlackElo "1496"]
[Opening "Sicilian: Pelikan (Lasker/Sveshnikov) variation"]
[ECO "B33"]
[Time "18:00:10"]
[TimeControl "2700+45"]

1. e4 c5 2. Nf3 Nc6 3. d4 cxd4 4. Nxd4 Nf6 5. Nc3 e5 6. Nb3 a6 7. Be2 d6 8. O-O
Be7 9. Be3 O-O 10. Qc1 Be6 11. f4 Bxb3 12. axb3 Nd4 13. Bd3 Ng4 14. Bxd4 exd4
15. Ne2 Ne3 16. Rf3 Qb6 17. Rh3 f5 18. exf5 Nxf5 19. Bxf5 d3+ {White resigns}
0-1

[Event "Team 45 45 League T61"]
[Site "Internet Chess Club"]
[Date "2014.06.06"]
[Round "2"]
[White "stantheman59"]
[Black "medsurg"]
[Result "1/2-1/2"]
[WhiteElo "1254"]
[BlackElo "1364"]
[Opening "Ponziani: Jaenisch counter-attack"]
[ECO "C44"]
[Time "21:05:23"]
[TimeControl "2700+45"]

1. e4 e5 2. Nf3 Nc6 3. c3 Nf6 4. d3 Bc5 5. Bg5 h6 6. Bh4 a5 7. d4 exd4 8. cxd4
Bb4+ 9. Nc3 g5 10. Bg3 Nxe4 11. Rc1 Nxg3 12. hxg3 d6 13. a3 Bxc3+ 14. Rxc3 Qf6
15. Bb5 Bd7 16. O-O O-O 17. d5 Nb8 18. Bxd7 Nxd7 19. Rxc7 Nc5 20. Qe2 Rfe8 21.
Qb5 Qd8 22. Rxc5 dxc5 23. Qxc5 Rc8 24. Qd4 Qd6 25. Nd2 Rc5 26. Ne4 Rxe4 27. Qxe4
Rxd5 28. Qe8+ Kg7 29. Qe1 Rd2 30. Qa1 Kg8 31. Qc1 b6 32. Re1 Qd8 33. Qc6 Rd1 34.
Rxd1 Qxd1+ 35. Kh2 Qh5+ 36. Kg1 Qd1+ 37. Kh2 Qh5+ 38. Kg1 {Game drawn by mutual
agreement} 1/2-1/2

[Event "Team 45 45 League T61"]
[Site "Internet Chess Club"]
[Date "2014.06.07"]
[Round "2"]
[White "rgadoury"]
[Black "arconia"]
[Result "0-1"]
[WhiteElo "1382"]
[BlackElo "1297"]
[Opening "Sicilian defense"]
[ECO "B30"]
[Time "12:02:21"]
[TimeControl "2700+45"]

1. e4 c5 2. Nf3 Nc6 3. Nc3 a6 4. d4 cxd4 5. Nxd4 e5 6. Nxc6 bxc6 7. Bc4 Bb7 8.
Qf3 Nf6 9. Bg5 Be7 10. O-O-O Rb8 11. Rd3 Qb6 12. Bb3 O-O 13. Bxf6 Bxf6 14. Rxd7
a5 15. a4 Bc8 16. Rd6 Be6 17. Rxe6 fxe6 18. Bxe6+ Kh8 19. b3 Bg5+ 20. Kb2 Rxf3
21. gxf3 c5 22. Bc4 Bd2 23. Nd5 Qg6 24. Rd1 Bf4 25. Nxf4 exf4 26. e5 Qg2 27. e6
Qxf3 28. e7 Qxd1 {White resigns} 0-1